 Dungeon Crawl Stone Soup version 0.29-a0-284-gf9362112df (webtiles) character file.

Game seed: 13573897686083601660

41 silky the Skirmisher (level 3, -2/34 HPs)
             Began as a Minotaur Chaos Knight on Apr 1, 2022.
             Was a Plaything of Xom.
             Slain by a gnoll
             ... wielding a +0 vampiric halberd
              (7 damage)
             ... on level 2 of the Dungeon.
             The game lasted 00:03:09 (1127 turns).

silky the Skirmisher (Minotaur Chaos Knight)        Turns: 1127, Time: 00:03:09

Health: -2/34      AC:  6    Str: 18    XL:     3   Next: 32%
Magic:  2/2        EV: 10    Int:  9    God:    Xom [*.....]
Gold:   45         SH:  0    Dex:  9    Spells: 2/2 levels left

rFire   . . .      SeeInvis .   a - +0 mace (chaos)
rCold   . . .      Faith    .   (no shield)
rNeg    . . .      Spirit   .   d - +0 scale mail
rPois   .          Reflect  .   (helmet restricted)
rElec   .          Harm     .   (no cloak)
rCorr   .          Rampage  .   (no gloves)
Will    .....                   (no boots)
Stlth   ..........              h - amulet of regeneration
HPRegen 0.91/turn               (no ring)
MPRegen 0.08/turn               (no ring)

@: no status effects
A: horns 2, retaliatory headbutt
a: Renounce Religion


You were on level 2 of the Dungeon.
You worshipped Xom.
You were a special plaything of Xom.
You visited 1 branch of the dungeon, and saw 2 of its levels.

You collected 45 gold pieces.

Inventory:

Hand Weapons
 a - a +0 mace of chaos (weapon)
Armour
 d - a +0 scale mail (worn)
Jewellery
 h - an amulet of regeneration (around neck)
Scrolls
 g - 2 scrolls of identify {unknown}
Potions
 b - a potion of degeneration {unknown}
 e - 2 potions of cancellation {unknown}
 f - 2 potions of curing {unknown}
Miscellaneous
 c - a piece from Xom's chessboard (15/15) (quivered)


   Skills:
 + Level 4.3 Fighting
 + Level 4.2 Maces & Flails
 + Level 2.6 Armour
 + Level 2.0 Dodging


You had 2 spell levels left.
You didn't know any spells.
Your spell library was empty.

Dungeon Overview and Level Annotations

Branches:
Dungeon (2/15)

Altars:


Innate Abilities, Weirdness & Mutations

You have a pair of horns on your head.
You reflexively headbutt those who attack you in melee.


Message History

There is an open door here.
A ball python comes into view.
The ball python hisses angrily.
You sock the ball python!
You kill the ball python!
A gnoll comes into view. It is wielding a +0 club.
A gnoll comes into view. It is wielding a +0 halberd.
The gnoll shouts!
A gnoll comes into view. It is wielding a +0 vampiric halberd.
The gnoll shouts!
You sock the gnoll!
The gnoll is heavily wounded.
The gnoll hits you with a +0 club.
You sock the gnoll! You freeze the gnoll.
You kill the gnoll!
The gnoll hits you from afar with a +0 halberd.
Your Dodging skill increases to level 2!
The gnoll hits you from afar with a +0 vampiric halberd!
The gnoll closely misses you. x2
You hit the gnoll.
The gnoll is moderately wounded.
The gnoll hits you with a +0 vampiric halberd.
The gnoll hits you with a +0 halberd.
You closely miss the gnoll.
The gnoll is moderately wounded.
The gnoll hits you with a +0 vampiric halberd.
The gnoll hits you with a +0 halberd.
You hit the gnoll. You burn the gnoll.
You headbutt the gnoll, but do no damage.
The gnoll is heavily wounded.
The gnoll misses you.
The gnoll hits you with a +0 vampiric halberd!
* * * LOW HITPOINT WARNING * * *
The gnoll draws strength from your wounds!
You hit the gnoll. You drain the gnoll.
The gnoll is heavily wounded.
The gnoll hits you with a +0 halberd.
* * * LOW HITPOINT WARNING * * *
The gnoll hits you with a +0 vampiric halberd!
You die...

.#.#.........
#.#..#.#..######. #..
.... ........ # ........
........ #.#####.#. #.#
.######. ##........ #.#
#.
.........####.#########.
#.....g)..............
#...g@......#########.
#.#########.# #. #.# #.
#.# #. ### ##


You could see 2 gnolls.

Vanquished Creatures
  A gnoll (D:2)
  A dart slug (D:1)
  4 bats (D:1)
  An endoplasm (D:1)
  A giant cockroach (D:1)
  2 goblins (D:1)
  4 hobgoblins (D:1)
  2 jackals (D:1)
  3 quokkas
  3 ball pythons
  3 kobolds
  3 rats (D:1)
28 creatures vanquished.

Notes
Turn   | Place    | Note
-------+----------+-------------------------------------------
     0 | D:1      | silky the Minotaur Chaos Knight began the quest for the
                  | Orb.
     0 | D:1      | Reached XP level 1. HP: 19/19 MP: 0/0
   170 | D:1      | XOM: silly message
   348 | D:1      | Reached XP level 2. HP: 27/27 MP: 1/1
   695 | D:1      | XOM: cloud trail
   887 | D:1      | XOM: silly message
   932 | D:1      | XOM: silly message
   948 | D:1      | Found a faded altar of an unknown god.
  1060 | D:2      | Reached XP level 3. HP: 34/34 MP: 2/2
  1127 | D:2      | Slain by a gnoll

Illustrated notes

Levels and vault maps discovered:
D:1:      dpeg_arrival_shelter, layout_loops_cross,
          dilly_ecumenical_altar_fadedgnrine, skrybe_limestone_x,
          nicolae_concentric_dashed_squares_wild, minmay_misc_feat_diagonals
D:2:      layout_basic, serial_bayou_lagoon_b

Skill      XL: |  1  2  3 |
---------------+----------+-----
Fighting       | 4 |  4.3
Maces & Flails | 4 |  4.2
Dodging        | 2 |  2.0
Armour         | |  2.6

Action                   || total
-------------------------++-------
Melee: Mace              ||    51
       Headbutt          ||     3
Armor: Leather armour    ||     1
       Scale mail        ||    31
Dodge: Dodged            ||    34

Table legend: (Time is in decaauts)
 A = Elapsed time spent in this place.
 B = Non-inter-level travel time spent in this place.
 C = Inter-level travel time spent in this place.
 D = Time resting spent in this place.
 E = Time spent auto-exploring this place.
 F = Levels seen in this place.
 G = Mean time per level.
                   A        B        C        D        E       F      G
               +--------+--------+--------+--------+--------+-----+--------+
         Total |   1137 |   1073 |     64 |      0 |    839 |   2 |  568.5 |
       Dungeon |   1137 |   1073 |     64 |      0 |    839 |   2 |  568.5 |
               +--------+--------+--------+--------+--------+-----+--------+

Top non-repeatable levels by time:
     D:1: 1055 daAuts
     D:2: 81 daAuts
